 Dungeon Crawl Stone Soup version 0.30-a0-534-gdc55766716 (webtiles) character file.

Game seed: 2385899883203844873

72 porpoise the Trooper (level 4, 0/55 HPs)
             Began as a Demonspawn Fighter on Dec 25, 2022.
             Succumbed to a hobgoblin's curare-tipped dart
             ... on level 2 of the Dungeon.
             The game lasted 00:04:31 (1143 turns).

porpoise the Trooper (Demonspawn Fighter)           Turns: 1143, Time: 00:04:31

Health: 0/55       AC: 22    Str: 18    XL:     4   Next: 6%
Magic:  4/4        EV:  2    Int: 10    God:
Gold:   53         SH:  5    Dex: 15    Spells: 3/3 levels left

rFire   . . .      SeeInvis .    b - +5 dagger "Embalmer" {protect, Dex+3}
rCold   . . .      Faith    .    c - +0 buckler
rNeg    . . .      Spirit   .    (body armour currently unavailable)
rPois   +          Reflect  .    (helmet currently unavailable)
rElec   .          Harm     .    (cloak currently unavailable)
rCorr   .          Rampage  .    (gloves currently unavailable)
Will    .....      NoTele   +    (boots currently unavailable)
Stlth   +                        (no amulet)
HPRegen 0.29/turn                (no ring)
MPRegen 0.09/turn                (no ring)

@: mighty, lethally poisoned (0 -> -1), tree-form, hasted and slowed
A: stationary, stasis, torment immunity, boosted hp, (horns 1), powered by death
1, (spiny 1)
a: no special abilities


You were on level 2 of the Dungeon.
You were a tree.
You visited 1 branch of the dungeon, and saw 2 of its levels.

You collected 53 gold pieces.

Inventory:

Hand Weapons
 a - a +0 war axe
 b - the +5 dagger "Embalmer" (weapon) {protect, Dex+3}
   (You found it on level 2 of the Dungeon)

   It grants its wielder temporary protection when it strikes (+7 to AC).
   Dex:       It affects your dexterity (+3).
Armour
 c - a +0 buckler (worn)
 j - a +0 pair of gloves (melded)
 m - a +0 scale mail (melded)
Scrolls
 e - a scroll of vulnerability {unknown}
 f - a scroll of amnesia {unknown}
 g - a scroll of immolation {unknown}
 h - a scroll of teleportation {unknown}
 l - a scroll of fog {unknown}
 n - a scroll of butterflies {unknown}


   Skills:
 + Level 3.7 Fighting
 * Level 3.4 Axes
 - Level 2.6 Armour
 - Level 2.6 Shields


You had 3 spell levels left.
You didn't know any spells.
Your spell library contained the following spells:

 Spells                   Type           Power      Damage    Failure   Level
 Ozocubu's Armour         Ice            0%         N/A       83%         3
 Metabolic Englaciation   Hex/Ice        0%         N/A       100%        5
 Simulacrum               Ice/Necr       0%         N/A       100%        6


Dungeon Overview and Level Annotations

Branches:
Dungeon (2/15)

Altars:


Innate Abilities, Weirdness & Mutations

You are a tree.
Your roots penetrate the ground, keeping you stationary.
You cannot be teleported.
You are immune to unholy pain and torment.
Your maximum health is greatly increased.
Your equipment is partially melded.
((You have a pair of small horns on your head.))
You regenerate a little health from kills.
((You are partially covered in sharp spines.))


Message History

The curare-tipped dart hits you.
You are more poisoned.
You have difficulty breathing.
You feel as though you will be slow longer.
You feel extremely sick. The hobgoblin barely misses you.
You are too injured to fight recklessly!
You are too injured to fight recklessly!
You are too injured to fight recklessly!
You barely miss the hobgoblin.
* * * LOW HITPOINT WARNING * * *
You feel very sick.
The hobgoblin hits you but does no damage.
You hit the hobgoblin.
Your weapon exudes an aura of protection.
You headbutt the hobgoblin.
You kill the hobgoblin!
* * * LOW HITPOINT WARNING * * *
You feel very sick.
It was a potion of haste.
You feel yourself speed up.
* * * LOW HITPOINT WARNING * * *
You feel very sick.
It was a potion of lignification.
You turn into a tree.
Your +0 pair of gloves melds into your body.
Your +0 scale mail melds into your body.
Your roots penetrate the ground.
* * * LOW HITPOINT WARNING * * *
You feel sick.
Okay, then.
You feel very mighty all of a sudden.
* * * LOW HITPOINT WARNING * * *
You feel sick.
You aren't carrying any potions.
* * * LOW HITPOINT WARNING * * *
You feel sick.
* * * LOW HITPOINT WARNING * * *
You feel sick.
* * * LOW HITPOINT WARNING * * *
You feel sick.
You die...

## #.# .# #.#
.# #.# .# #.#
.## #.# ..###.#
#.....# #
..#####
######.# .##
#...♣).# .#
#.###### .# #.#
## #.# #####
#.#
....#########.#
###...........#
###############
.#


There were no monsters in sight!

Vanquished Creatures
  Robin (D:2)
  An adder (D:2)
  2 worms (D:2)
  3 ball pythons
  4 endoplasms (D:1)
  2 giant cockroaches
  8 goblins
  5 hobgoblins (D:2)
  4 quokkas
  A bat (D:1)
  2 frilled lizards
  5 kobolds
  5 rats
43 creatures vanquished.

Notes
Turn   | Place    | Note
-------+----------+-------------------------------------------
     0 | D:1      | porpoise the Demonspawn Fighter began the quest for the
                  | Orb.
     0 | D:1      | Reached XP level 1. HP: 18/18 MP: 1/1
    91 | D:1      | Gained mutation: You are partially covered in sharp spines.
                  | [demonic ancestry]
    91 | D:1      | Reached XP level 2. HP: 20/24 MP: 2/2
   230 | D:1      | Found a faded altar of an unknown god.
   720 | D:2      | Gained mutation: You have a pair of small horns on your
                  | head. [demonic ancestry]
   720 | D:2      | Reached XP level 3. HP: 29/29 MP: 3/3
   819 | D:2      | Identified the +5 dagger "Embalmer" {protect, Dex+3}
   822 | D:2      | Noticed Robin
   833 | D:2      | Killed Robin
   988 | D:2      | Gained mutation: You regenerate a little health from kills.
                  | [demonic ancestry]
   988 | D:2      | Reached XP level 4. HP: 37/37 MP: 4/4
  1140 | D:2      | HP: 2/55 [poisoned by a hobgoblin (curare-tipped dart)]
  1143 | D:2      | Succumbed to a hobgoblin's curare-tipped dart

Illustrated notes

Levels and vault maps discovered:
D:1:      eino_arrival_cavern_b, layout_basic,
          shapermc_ecumenical_altar_mp_vishouse, minmay_ruptured
D:2:      layout_loops_ring, uniq_robin

Skill      XL: |  1  2  3 |
---------------+----------+-----
Axes           | 2 3 |  3.4
Fighting       | |  3.7
Armour         | |  2.6
Shields        | |  2.6

Action                   |  1- 3 |  4- 6 || total
-------------------------+-------+-------++-------
Melee: War axe           |    70 |       ||    70
       Dagger            |    13 |     2 ||    15
       Headbutt          |     6 |     1 ||     7
  Use: Potion            |       |     3 ||     3
Armor: Scale mail        |    29 |     1 ||    30
Dodge: Dodged            |    20 |     1 ||    21
Block: Buckler           |    13 |       ||    13

Table legend: (Time is in decaauts)
 A = Elapsed time spent in this place.
 B = Non-inter-level travel time spent in this place.
 C = Inter-level travel time spent in this place.
 D = Time resting spent in this place.
 E = Time spent auto-exploring this place.
 F = Levels seen in this place.
 G = Mean time per level.
                   A        B        C        D        E       F      G
               +--------+--------+--------+--------+--------+-----+--------+
         Total |   1176 |   1153 |     23 |    156 |    669 |   2 |  588.0 |
       Dungeon |   1176 |   1153 |     23 |    156 |    669 |   2 |  588.0 |
               +--------+--------+--------+--------+--------+-----+--------+

Top non-repeatable levels by time:
     D:1: 618 daAuts
     D:2: 558 daAuts
